 Dungeon Crawl Stone Soup version 0.30-a0-1164-ge08a67761e (webtiles) character file.

Game seed: 8442102396225704178

17038 quinnr the Zephyrmancer (level 12, -1/69 HPs)
             Began as a Deep Elf Air Elementalist on Apr 29, 2023.
             Was a Priest of Nemelex Xobeh.
             Slain by a merfolk
             ... wielding a +0 trident
              (15 damage)
             ... on level 3 of the Lair of Beasts on Apr 30, 2023.
             The game lasted 00:41:54 (15694 turns).

quinnr the Zephyrmancer (DEAE)                     Turns: 15694, Time: 00:41:55

Health: -1/69      AC:  9    Str:  8    XL:     12   Next: 15%
Magic:  17/26      EV: 20    Int: 26    God:    Nemelex Xobeh [***...]
Gold:   667        SH:  5    Dex: 15    Spells: 6/28 levels left

rFire   + + .        C - staff of air "Muguz" {rElec rN+ Str+3 Stlth+, !a}
rCold   + + .        l - +0 buckler {rC+}
rNeg    + . .        a - +1 robe
rPois   .            S - +2 helmet
rElec   +            t - +0 cloak
rCorr   .            x - +1 pair of gloves
SInv    .            (no boots)
Will    +....        (no amulet)
Stlth   +++++        U - ring "Seggaq" {Fly rC+ Slay+2}
HPRegen 0.31/turn    v - ring "Cifykenu" {rElec rF++ EV+5 Stlth+}
MPRegen 0.20/turn

%: no passive effects
@: lethally poisoned (-1 -> -15), flying
A: no striking features
a: Renounce Religion, Draw Escape, Draw Destruction, Draw Summoning, Triple Draw


You were on level 3 of the Lair of Beasts.
You worshipped Nemelex Xobeh.
Nemelex Xobeh was most pleased with you.
You visited 2 branches of the dungeon, and saw 11 of its levels.
You also visited: Bailey.

You collected 1561 gold pieces.
You spent 894 gold pieces at shops.


   Skills:
 + Level 5.7 Fighting
 + Level 7.8 Dodging
 - Level 5.0 Stealth
 - Level 4.0 Shields
 + Level 8.8 Spellcasting
 - Level 5.0 Conjurations
 - Level 13.0 Air Magic
 - Level 6.0 Invocations
 - Level 6.0 Evocations


You had 6 spell levels left.
You knew the following spells:

 Your Spells              Type           Power      Damage    Failure   Level
a - Airstrike             Air            43%        2d(7-23)  1%          4
i - Swiftness             Air            87%        N/A       1%          3
l - Summon Lightning Spi  Summ/Air       61%        N/A       5%          4
t - Static Discharge      Conj/Air       100%       2-7/arc   1%          2
z - Shock                 Conj/Air       100%       1d9       1%          1
X - Arcjolt               Conj/Air       36%        1d46      5%          5
Y - Vhi's Electric Charg  Tloc/Air       100%       N/A       1%          3

Your spell library contained the following spells:

 Spells                   Type           Power      Damage    Failure   Level
 Sublimation of Blood     Necr           11%        N/A       12%         2
 Wereblood                Tmut           11%        N/A       12%         2
 Silence                  Hex/Air        30%        N/A       16%         5
 Passage of Golubria      Tloc           11%        N/A       61%         4
 Irradiate                Conj/Tmut      12%        3d15      61%         5
 Plasma Beam              Fire/Air       30%        2x1d47    63%         6
 Blade Hands              Tmut           5%         N/A       91%         5
 Dragon Form              Tmut           5%         N/A       100%        7
 Summon Hydra             Summ           5%         N/A       100%        7
 Borgnjor's Revivificati  Necr           5%         N/A       100%        8
 Lehudib's Crystal Spear  Conj/Erth      12%        10d4      100%        8
 Necromutation            Tmut/Necr      5%         N/A       100%        8
 Death's Door             Necr           5%         N/A       100%        9

Inventory:

Hand Weapons
 B - a +0 vampiric dagger
 G - the +0 mace of Arrival {freeze, rPois rCorr MP+9 Dex-4}
   (You took it off a wight on level 7 of the Dungeon)

   Dex:       It affects your dexterity (-4).
   rPois:     It protects you from poison.
   MP:        It affects your magic capacity (+9).
   rCorr:     It protects you from acid and corrosion.
 H - a +2 dagger of draining
 K - a +0 club
Armour
 a - a +1 robe (worn)
 d - a scarf of harm
 l - a +0 buckler of cold resistance (worn)
 t - a +0 cloak (worn)
 x - a +1 pair of gloves (worn)
 S - a +2 helmet (worn)
Magical Staves
 C - the staff of air "Muguz" (weapon) {rElec rN+ Str+3 Stlth+, !a}
   (You acquired it in a bailey)

   [staff of air]

   Base accuracy: +5 Base damage: 5 Base attack delay: 1.2 This weapon's minimum
   attack delay (0.6) is reached at skill level 12.
   Str:       It affects your strength (+3).
   rElec:     It insulates you from electricity.
   rN:        It protects you from negative energy.
   Stlth:     It makes you more stealthy.
   It falls into the 'Staves' category.
   It is a one-handed weapon.
 R - a staff of fire {!a}
 T - a staff of earth {!a}
Jewellery
 f - a ring of fire
 n - a ring of positive energy
 v - the ring "Cifykenu" (right hand) {rElec rF++ EV+5 Stlth+}
   (You acquired it in a bailey)

   [ring of evasion]

   EV:        It affects your evasion (+5).
   rF:        It greatly protects you from fire.
   rElec:     It insulates you from electricity.
   Stlth:     It makes you more stealthy.
 F - a ring of protection from fire
 N - a ring of positive energy
 U - the ring "Seggaq" (left hand) {Fly rC+ Slay+2}
   (You found it on level 2 of the Lair of Beasts)

   [ring of protection from cold]

   Slay:      It affects your accuracy & damage with ranged weapons and melee
   (+2).
   rC:        It protects you from cold.
   Fly:       It grants you flight.
Wands
 q - a wand of quicksilver (3)
 w - a wand of polymorph (7)
 J - a wand of roots (24)
 M - a wand of flame (9)
 P - a wand of charming (5)
Scrolls
 h - 2 scrolls of teleportation {@r2}
 j - 2 scrolls of amnesia {unknown}
 k - 3 scrolls of magic mapping
 p - a scroll of vulnerability {unknown}
 r - 5 scrolls of fear {unknown}
 u - 3 scrolls of enchant weapon
 y - a scroll of fog {unknown}
 z - 3 scrolls of immolation {unknown}
 L - a scroll of blinking {unknown}
 Q - a scroll of brand weapon {unknown}
Potions
 c - a potion of degeneration
 e - a potion of mutation
 g - a potion of heal wounds {@q2}
 i - 2 potions of ambrosia {unknown}
 m - 2 potions of curing {@q1}
 o - 3 potions of might
 s - 2 potions of invisibility
 A - 2 potions of cancellation
 D - 3 potions of lignification
 E - a potion of brilliance
 I - a potion of haste {@q3}
 O - a potion of attraction

Dungeon Overview and Level Annotations

Branches:
Dungeon (8/15)             Temple (0/1) D:6            Lair (3/5) D:8
 Bailey (visited)
  Swamp: Lair:2-3    Shoals: Lair:2-3     Snake: Lair:2-3    Spider: Lair:2-3

Altars:
Dithmenos
Elyvilon
Nemelex Xobeh
Wu Jian
Zin
The Shining One

Shops:
D:3 [   D:6 :   D:7 *   D:8 :

Annotations:
Lair:1 1 runed translucent door

# ## #.### ####.#
.... ....####
...###.P.#..#
.<###.#........##
......m..........
..####†mF....##
##§(...##
#@#....# ###..###
#..P# ### ##.##
#PP.###.F.##.#.#
......÷†÷.......
##.#..<.###.#..
#..#### # #..


You could see a merfolk and a blink frog.


Message History

You feel extremely sick. The water moccasin misses you.
The merfolk completely misses you.
Casting: Airstrike (safe; 1% risk of failure)
Confirm with . or Enter, or press ? or * to list all spells.
You feel a surge of power!
Electricity surges outward!
The water moccasin is struck by an electric surge!
You kill the water moccasin!
The merfolk is struck by an electric surge.
The merfolk is lightly wounded.
You feel very sick.
The merfolk hits you from afar with a +0 trident!
* * * LOW HITPOINT WARNING * * *
Unknown command.
Unknown command.
Casting: Arcjolt (dangerous; 5% risk of failure)
Confirm with . or Enter, or press ? or * to list all spells.
You don't know that spell.
Casting: Arcjolt (dangerous; 5% risk of failure)
Confirm with . or Enter, or press ? or * to list all spells.
You feel a surge of power!
Electricity surges outward!
The blink frog is struck by an electric surge.
The blink frog is severely wounded.
The merfolk is struck by an electric surge!!
The merfolk is heavily wounded.
* * * LOW HITPOINT WARNING * * *
You feel very sick.
The blink frog blinks!
The merfolk hits you from afar with a +0 trident!
You die...
Your body glows with a rainbow of weird colours and disappears.

Skill      XL: |  1  2  3  4  5  6  7  8  9 10 11 |
---------------+----------------------------------+-----
Air Magic      | 4 5 7 9 10 11 13 | 13.0
Stealth        | 3 4 5 |  5.0
Dodging        | 4 5 7 |  7.8
Invocations    | 3 6 |  6.0
Spellcasting   | 4 6 8 |  8.8
Fighting       | 1 3 5 |  5.7
Conjurations   | 2 5 |  5.0
Evocations     | 2 4 6 |  6.0
Shields        | 4 |  4.0

Action                     |  1- 3 |  4- 6 |  7- 9 | 10-12 || total
---------------------------+-------+-------+-------+-------++-------
  Melee: Unarmed           |    13 |       |       |       ||    13
         Dagger            |       |       |     4 |       ||     4
         Staff             |       |       |       |    17 ||    17
   Cast: Shock             |    65 |   104 |   102 |    82 ||   353
         Static Discharge  |     2 |     9 |     8 |    15 ||    34
         Airstrike         |       |     1 |    57 |   155 ||   213
         Swiftness         |       |       |     6 |     3 ||     9
         Arcjolt           |       |       |       |     6 ||     6
 Invoke: Draw Destruction  |       |       |       |     5 ||     5
         Draw Summoning    |       |       |       |     2 ||     2
  Evoke: Wand              |       |     1 |     1 |     8 ||    10
    Use: Scroll            |     2 |       |     9 |     6 ||    17
         Potion            |     1 |       |       |     1 ||     2
 Armour: Robe              |     5 |     5 |     7 |    11 ||    28
  Dodge: Dodged            |    27 |    11 |    14 |    76 ||   128
  Block: Buckler           |       |       |       |    11 ||    11

Levels and vault maps discovered:
D:1:      tarquinn_simple_flora_water_d, layout_loops_corners,
          minmay_heptomino_l4
D:2:      layout_loops_corners, nicolae_ecumenical_pavilion, basic_altar,
          grunt_decor_mini_mirrors
D:3:      minmay_recursive_quarters, layout_basic, serial_shops,
          nicolae_shop_hallway_plus, uniq_natasha
D:4:      layout_loops_ring, uniq_blork_the_orc
D:5:      layout_cave_pools, nemelex_xobeh_ov_fountains_minmay
D:6:      layout_loops_ring, minmay_temple_entry_statues_fountains,
          serial_shops, shop
D:7:      layout_cave_pools, nzn_wu_jian_council_hall, serial_shops, shop,
          enter_bailey_5
D:8:      layout_basic, good_gods_temple_1, mainiacjoe_overflow_alcove_1,
          dpeg_lair_monsters, serial_shops, nicolae_shop_statue_plus,
          minmay_quadrilaterals, uniq_prince_ribbit1
Lair:1:   layout_regular_city, pdpol_lair_cabin_in_the_woods
Lair:2:   layout_long_grid, pdpol_lair_neglected_garden, grunt_megastairs_2
Lair:3:   layout_loops_ring, elwin_shoals_entry_stream,
          nicolae_spider_entry_tight_spaces, nzn_ghost_randoct

Notes
Turn   | Place    | Note
-------+----------+-------------------------------------------
     0 | D:1      | quinnr the Deep Elf Air Elementalist began the quest for
                  | the Orb.
     0 | D:1      | Reached XP level 1. HP: 10/10 MP: 6/6
   292 | D:1      | Reached XP level 2. HP: 4/15 MP: 0/8
   856 | D:1      | Reached skill level 4 in Air Magic
  1238 | D:2      | Found a faded altar of an unknown god.
  1241 | D:2      | Reached XP level 3. HP: 19/19 MP: 6/9
  1368 | D:2      | Found an ornate altar of the Wu Jian Council.
  1673 | D:2      | Reached skill level 3 in Stealth
  1812 | D:3      | Noticed Natasha
  1817 | D:3      | Learned a level 2 spell: Static Discharge
  2065 | D:3      | Killed Natasha
  2066 | D:3      | Reached XP level 4. HP: 22/24 MP: 5/10
  2401 | D:3      | Reached skill level 4 in Stealth
  2639 | D:3      | Found Uca Ylid's Armour Shop.
  2650 | D:3      | Noticed Natasha
  2861 | D:3      | Killed Natasha
  2862 | D:3      | Reached skill level 5 in Air Magic
  2862 | D:3      | Reached XP level 5. HP: 26/28 MP: 8/11
  3056 | D:3      | Noticed Natasha
  3059 | D:3      | Killed Natasha
  3170 | D:4      | Noticed Blork the orc
  3180 | D:3      | Killed Blork the orc
  3181 | D:3      | Reached skill level 5 in Stealth
  3383 | D:4      | Reached XP level 6. HP: 32/32 MP: 4/12
  3641 | D:4      | Reached skill level 6 in Air Magic
  3887 | D:5      | Entered Level 5 of the Dungeon
  3905 | D:5      | Learned a level 4 spell: Airstrike
  3952 | D:4      | Learned a level 3 spell: Swiftness
  4079 | D:5      | Found a sparkling altar of Nemelex Xobeh.
  4110 | D:5      | Became a worshipper of Nemelex Xobeh the Trickster
  4279 | D:5      | Reached skill level 7 in Air Magic
  4322 | D:5      | Noticed an ice beast
  4331 | D:5      | Killed an ice beast
  4332 | D:5      | Reached XP level 7. HP: 36/36 MP: 1/13
  4741 | D:6      | Reached skill level 8 in Air Magic
  5029 | D:6      | Found Okoniosch's Book Shop.
  5121 | D:6      | Reached skill level 9 in Air Magic
  5169 | D:6      | Reached XP level 8. HP: 41/41 MP: 9/14
  5324 | D:6      | Found a staircase to the Ecumenical Temple.
  5548 | D:6      | Reached * piety under Nemelex Xobeh
  5828 | D:7      | Found Pemaagoe's Assorted Antiques.
  5837 | D:6      | Reached skill level 3 in Dodging
  5972 | D:7      | Received a gift from Nemelex Xobeh
  6017 | D:7      | Reached skill level 10 in Air Magic
  6051 | D:7      | Reached skill level 1 in Invocations
  6140 | D:7      | Found a flagged portal.
  6189 | Bailey   | Entered a bailey
  6226 | Bailey   | Reached skill level 4 in Dodging
  6226 | Bailey   | Reached skill level 2 in Invocations
  6832 | Bailey   | Reached skill level 3 in Invocations
  6948 | Bailey   | Reached skill level 4 in Spellcasting
  6948 | Bailey   | Reached XP level 9. HP: 44/45 MP: 3/17
  7154 | Bailey   | Reached skill level 5 in Dodging
  7237 | Bailey   | Noticed a kobold demonologist
  7241 | Bailey   | Killed a kobold demonologist
  7242 | Bailey   | Reached skill level 5 in Spellcasting
  7392 | Bailey   | Reached skill level 4 in Invocations
  7403 | Bailey   | Acquired the staff of air "Muguz" {rElec rN+ Str+3 Stlth+}
  7406 | Bailey   | Acquired the ring "Cifykenu" {rElec rF++ EV+5 Stlth+}
  7531 | Bailey   | Noticed an orc high priest
  7533 | Bailey   | Noticed a smoke demon
  7535 | Bailey   | Noticed an orange demon
  7685 | Bailey   | Reached skill level 11 in Air Magic
  7685 | Bailey   | Reached skill level 5 in Invocations
  7922 | Bailey   | Killed an orc high priest
  7923 | Bailey   | Reached skill level 6 in Invocations
  7923 | Bailey   | Reached skill level 1 in Fighting
  7923 | Bailey   | Reached skill level 2 in Conjurations
  7923 | Bailey   | Reached skill level 1 in Evocations
  8165 | Bailey   | Found an iron altar of Okawaru.
  8178 | Bailey   | Noticed an orc knight
  8522 | Bailey   | Killed an orc knight
  8523 | Bailey   | Reached skill level 6 in Spellcasting
  8523 | Bailey   | Reached skill level 2 in Evocations
  8523 | Bailey   | Reached XP level 10. HP: 53/53 MP: 3/21
  8828 | D:7      | Bought a scroll labelled CIRATU QAEXYDU for 30 gold pieces
  8828 | D:7      | Bought a scroll labelled NOUKU JODE ZIRGH for 30 gold
                  | pieces
  8828 | D:7      | Bought a red potion for 27 gold pieces
  8828 | D:7      | Bought a silvery potion for 27 gold pieces
  8973 | D:7      | Found an ornate altar of the Wu Jian Council.
  8985 | D:7      | Identified the +0 mace of Arrival {freeze, rPois rCorr MP+9
                  | Dex-4}
  8987 | D:7      | Reached skill level 3 in Conjurations
  9297 | D:8      | Reached skill level 2 in Fighting
  9297 | D:8      | Reached skill level 1 in Shields
  9578 | D:8      | Reached skill level 3 in Evocations
  9715 | D:8      | Noticed Prince Ribbit
  9720 | D:8      | Killed Prince Ribbit
  9776 | D:8      | Noticed a death yak
  9780 | D:8      | Reached skill level 2 in Shields
 10566 | D:8      | Found a shadowy altar of Dithmenos.
 10610 | D:8      | Killed a death yak
 10611 | D:8      | Reached skill level 3 in Shields
 10611 | D:8      | Reached skill level 4 in Conjurations
 10738 | D:8      | Received a gift from Nemelex Xobeh
 10825 | D:8      | Reached skill level 4 in Evocations
 11028 | D:8      | Reached skill level 3 in Fighting
 11033 | D:8      | Noticed a death yak
 11153 | D:8      | Found Kerapuq's Book Shop.
 11210 | D:8      | Found a glowing silver altar of Zin.
 11211 | D:8      | Found a glowing golden altar of the Shining One.
 11214 | D:8      | Found a white marble altar of Elyvilon.
 11235 | D:8      | Killed a death yak
 11235 | D:8      | Noticed a death yak
 11253 | D:8      | Killed a death yak
 11254 | D:8      | Reached skill level 4 in Shields
 11396 | D:8      | Found a staircase to the Lair.
 11587 | Lair:1   | Entered Level 1 of the Lair of Beasts
 11587 | Lair:1   | Reached ** piety under Nemelex Xobeh
 11745 | Lair:1   | Noticed a black mamba
 11747 | Lair:1   | Killed a black mamba
 11748 | Lair:1   | Reached skill level 5 in Conjurations
 11748 | Lair:1   | Reached XP level 11. HP: 60/60 MP: 13/22
 11824 | Lair:1   | Reached skill level 5 in Evocations
 11968 | Lair:1   | Reached skill level 12 in Air Magic
 12216 | Lair:1   | Reached skill level 4 in Fighting
 12601 | Lair:1   | Reached skill level 6 in Evocations
 13482 | Lair:1   | Reached skill level 13 in Air Magic
 13545 | Lair:1   | Found a runed translucent door.
 13548 | Lair:1   | Noticed a vampire mage
 13552 | Lair:1   | Acquired 967 gold pieces
 13760 | D:6      | Bought a book of Storms for 338 gold pieces
 13765 | D:6      | Learned a level 4 spell: Summon Lightning Spire
 13765 | D:6      | Bought a book of Lightning for 442 gold pieces
 13771 | D:6      | Learned a level 5 spell: Arcjolt
 13775 | D:6      | Learned a level 3 spell: Vhi's Electric Charge
 14152 | Lair:2   | Identified the ring "Seggaq" {Fly rC+ Slay+2}
 14280 | Lair:2   | Reached *** piety under Nemelex Xobeh
 14584 | Lair:2   | Reached skill level 6 in Dodging
 14584 | Lair:2   | Reached skill level 7 in Spellcasting
 14724 | Lair:2   | Received a gift from Nemelex Xobeh
 14845 | Lair:2   | Noticed a boulder beetle
 14852 | Lair:2   | Killed a boulder beetle
 14853 | Lair:2   | Reached skill level 5 in Fighting
 15252 | Lair:2   | Reached skill level 8 in Spellcasting
 15412 | Lair:3   | Reached skill level 7 in Dodging
 15414 | Lair:3   | Reached XP level 12. HP: 56/68 MP: 10/26
 15694 | Lair:3   | Slain by a merfolk

Vanquished Creatures
  3 death yaks (D:8)
  An orc high priest (Bailey)
  A skyshark (Lair:3)
  An orc knight (Bailey)
  6 cane toads
  2 black mambas
  A kobold demonologist (Bailey)
  A rime drake (Lair:1)
  2 komodo dragons
  Prince Ribbit (D:8)
  12 blink frogs
  10 yaks
  A basilisk (Lair:2)
  A human (Lair:1)
  A steam dragon (D:8)
  5 water moccasins
  3 ice beasts
  11 orc warriors
  An ogre (D:6)
  6 wolves (Lair:2)
  5 centaurs
  A kobold brigand (D:8)
  Blork the orc (D:3)
  9 bullfrogs
  2 gnoll sergeants (D:8)
  3 scorpions
  3 wights (D:7)
  7 killer bees (D:8)
  4 howler monkeys (D:8)
  7 electric eels (Bailey)
  3 jellies
  A hound (D:5)
  An orc priest (D:7)
  Natasha (thrice) (D:3)
  2 iguanas (D:5)
  A sleepcap (D:6)
  6 orc wizards
  2 hell rats (D:8)
  17 gnolls
  5 adders
  A shadow imp (D:6)
  2 white imps
  2 worms
  3 dart slugs
  24 orcs
  7 ball pythons
  2 bats (D:1)
  2 endoplasms
  2 giant cockroaches
  17 goblins
  14 hobgoblins
  3 jackals (D:1)
  10 kobolds
  8 quokkas
  A frilled lizard (D:1)
  7 rats
258 creatures vanquished.

Vanquished Creatures (collateral kills)
  A boulder beetle (Lair:2)
1 creature vanquished.

Vanquished Creatures (others)
  11 fungi
  9 plants
  6 withered plants (Lair:2)
26 creatures vanquished.

Grand Total: 285 creatures vanquished

Table legend: (Time is in decaauts)
 A = Elapsed time spent in this place.
 B = Non-inter-level travel time spent in this place.
 C = Inter-level travel time spent in this place.
 D = Time resting spent in this place.
 E = Time spent auto-exploring this place.
 F = Levels seen in this place.
 G = Mean time per level.
                   A        B        C        D        E       F      G
               +--------+--------+--------+--------+--------+-----+--------+
         Total |  15716 |  14884 |    832 |   2826 |   9808 |  12 | 1309.7 |
       Dungeon |   9148 |   8470 |    678 |   1273 |   5953 |   8 | 1143.5 |
          Lair |   3936 |   3783 |    153 |    445 |   2939 |   3 | 1312.0 |
        Bailey |   2631 |   2631 |      0 |   1108 |    915 |   1 | 2631.0 |
               +--------+--------+--------+--------+--------+-----+--------+

Top non-repeatable levels by time:
  Bailey: 2631 daAuts
  Lair:1: 2094 daAuts
  Lair:2: 1779 daAuts
     D:8: 1727 daAuts
     D:3: 1506 daAuts
     D:7: 1430 daAuts
     D:1: 1320 daAuts
     D:6: 1217 daAuts
     D:5: 794 daAuts
     D:4: 760 daAuts
     D:2: 392 daAuts
  Lair:3: 62 daAuts

Table legend:
 A = Non-vault XP
 B = Vault XP
 C = Vault XP percentage of total XP
 D = Non-vault monster count
 E = Vault monster count
 F = Vault count percentage of total count
                 A         B        C        D         E       F
            +---------+---------+-------+---------+---------+-------
      Total |   16286 |    8054 |  33.1 |     182 |      77 |  29.7
            +---------+---------+-------+---------+---------+-------
        D:1 |      38 |       2 |   5.0 |      19 |       1 |   5.0
        D:2 |      15 |       0 |   0.0 |       7 |       0 |   0.0
        D:3 |     143 |     170 |  54.3 |      19 |      11 |  36.7
        D:4 |     107 |       0 |   0.0 |      13 |       0 |   0.0
        D:5 |     468 |       0 |   0.0 |      13 |       0 |   0.0
        D:6 |     880 |       0 |   0.0 |      15 |       0 |   0.0
        D:7 |     670 |       8 |   1.2 |      12 |       4 |  25.0
        D:8 |    1543 |    3031 |  66.3 |      36 |      18 |  33.3
     Lair:1 |    3792 |     991 |  20.7 |      16 |       3 |  15.8
     Lair:2 |    5295 |     278 |   5.0 |      21 |       2 |   8.7
     Lair:3 |    3335 |       0 |   0.0 |      11 |       0 |   0.0
     Bailey |       0 |    3574 | 100.0 |       0 |      38 | 100.0
            +---------+---------+-------+---------+---------+-------

Levels and vault maps discovered:
D:1:      tarquinn_simple_flora_water_d, layout_loops_corners,
          minmay_heptomino_l4
D:2:      layout_loops_corners, nicolae_ecumenical_pavilion, basic_altar,
          grunt_decor_mini_mirrors
D:3:      minmay_recursive_quarters, layout_basic, serial_shops,
          nicolae_shop_hallway_plus, uniq_natasha
D:4:      layout_loops_ring, uniq_blork_the_orc
D:5:      layout_cave_pools, nemelex_xobeh_ov_fountains_minmay
D:6:      layout_loops_ring, minmay_temple_entry_statues_fountains,
          serial_shops, shop
D:7:      layout_cave_pools, nzn_wu_jian_council_hall, serial_shops, shop,
          enter_bailey_5
D:8:      layout_basic, good_gods_temple_1, mainiacjoe_overflow_alcove_1,
          dpeg_lair_monsters, serial_shops, nicolae_shop_statue_plus,
          minmay_quadrilaterals, uniq_prince_ribbit1
Lair:1:   layout_regular_city, pdpol_lair_cabin_in_the_woods
Lair:2:   layout_long_grid, pdpol_lair_neglected_garden, grunt_megastairs_2
Lair:3:   layout_loops_ring, elwin_shoals_entry_stream,
          nicolae_spider_entry_tight_spaces, nzn_ghost_randoct
